[Event "Israel-ch Youth U8-18 2024"]
[Site "Kfar Saba"]
[Date "2024.04.18"]
[Round "5.8"]
[White "Sternfeld, Tomer"]
[Black "Zakin, Ilay"]
[Result "0-1"]
[ECO "A24"]
[WhiteElo "1866"]
[BlackElo "2178"]
[Annotator "TA"]
[PlyCount "118"]
[EventDate "2024.04.10"]
[EventType "swiss"]
[EventCountry "ISR"]
[SourceTitle "playchess.com"]
[Source "ChessBase"]
[SourceQuality "1"]
[TimeControl "5400+30"]

1. Nf3 Nf6 2. g3 g6 3. Bg2 Bg7 4. O-O O-O 5. c4 d6 6. Nc3 a5 7. d3 e5 8. Rb1 c6 9. e4 {[%emt 0:04:38] A24: English Opening vs King's Indian: Lines without ...Nc6.} Na6 10. d4 Qc7 $146 ({Predecessor:} 10... exd4 11. Nxd4 Re8 12. h3 Nc5 13. Re1 a4 14. b3 axb3 15. axb3 h5 16. Bg5 Qb6 {0-1 Mani,B (1544)-Gochelashvili,D (2330) Bhubaneswar op-A 14th 2023 (4)}) 11. b3 Re8 12. Ba3 (12. h3 $14) 12... exd4 13. Nxd4 Nc5 14. Re1 Qb6 15. Nc2 (15. h3 $14 {keeps the upper hand.}) 15... Ng4 $1 $17 16. Qxd6 Ne6 (16... Nd3 $1 $17 17. Re3 Nxe3 (17... Bxc3 18. Qxd3 Bb4 19. Re2 $11) (17... Ndxf2 18. Nd5 $15)) 17. c5 (17. Qd2 $1 $11) 17... Qa7 $1 $17 18. Qd3 (18. e5 $17 {might work better.} Rd8 19. Qe7) 18... Nxc5 (18... Rd8 $1 $19 19. Qf3 Rd2 20. Qxg4 Bxc3 (20... Rxc2 $2 21. e5 $19)) 19. Qc4 $2 (19. Bxc5 $17 Qxc5 20. Nd1) 19... Na6 $2 (19... Nd3 $19 {has better winning chances.} 20. Qxd3 Qxf2+ (20... Nxf2 $2 21. Qe3 $18) 21. Kh1 Qxe1+ 22. Nxe1 Nf2+ 23. Kg1 Nxd3 24. Nxd3 Bxc3) 20. Nd1 $17 Ne5 21. Qe2 Bg4 22. Qe3 Qxe3 23. Rxe3 Bh6 (23... Red8 $17 24. Nc3 b5) 24. f4 $11 Nd7 25. Nf2 Be6 26. Nd4 Bg7 27. Nxe6 fxe6 28. Rd1 Ndc5 $1 29. e5 Red8 30. Rc1 Bf8 31. Rec3 Ne4 32. Nxe4 Bxa3 33. Rf1 Bb4 34. Rc2 Nc7 35. g4 Nd5 36. Rf3 Rf8 37. Rcf2 Rae8 38. h4 Re7 (38... Be1 39. Rf1 Bb4 (39... Bxh4 $2 40. g5 $18) 40. h5 $14) 39. Bh3 Ba3 40. Kg2 Bc1 41. Kg3 Be3 {[%emt 0:01:57] [#]} 42. Nf6+ (42. Rf1 $1 $14 Kg7 43. Nf6) 42... Kg7 (42... Nxf6 43. Rxe3 Nd5 44. Rd3 $14) ({Black should play} 42... Rxf6 $1 $15 43. exf6 (43. Rxe3 Rxf4 44. Rxf4 Nxe3 $17) 43... Bxf2+ 44. Rxf2 Nxf6) 43. Re2 $11 (43. Nxd5 $2 Bxf2+ 44. Rxf2 cxd5 $19) 43... Bd4 44. Rd2 c5 45. Nxd5 exd5 46. Re2 b5 47. a3 b4 48. axb4 axb4 49. e6 Bc3 50. Rd3 (50. g5 $11 {remains equal.}) 50... c4 $17 51. bxc4 dxc4 52. Rd7 Rfe8 53. Rc2 $2 (53. f5 $17) 53... Kf8 $2 (53... Be1+ $19 {is more deadly.} 54. Kf3 c3 (54... Bxh4 55. Rxc4 g5 56. Rxb4 $11)) 54. Bf1 $17 {[%emt 0:00:33] [#]} (54. g5 $2 Be1+ 55. Kh2 c3 (55... Bxh4 56. Rxc4 Be1 57. Rc5 $16)) 54... Rc8 $1 ({Don't play} 54... Rxe6 $6 55. Bxc4 Re3+ 56. Kf2 Be1+ 57. Kg2 $11) 55. f5 (55. Kf3 $17 {keeps fighting.}) 55... Be5+ $2 (55... gxf5 $19 {White must now prevent ...Be5+.} 56. Kg2 Rxe6 (56... fxg4 57. Rf2+ Ke8 58. Rf4 $19) 57. Rxh7 Rec6 (57... fxg4 58. Rxc3 bxc3 59. Rh8+ Kg7 60. Rxc8 $16)) 56. Kf3 $2 (56. Kg2 $1 $11 {and White stays safe.}) 56... c3 $19 57. Ba6 b3 58. Rc1 b2 59. Rb1 c2 0-1

[Event "Israel-ch Youth U8-18 2024"]
[Site "Kfar Saba"]
[Date "2024.04.18"]
[Round "5.9"]
[White "Magen, Ofek"]
[Black "Taragan, Uri"]
[Result "0-1"]
[ECO "E11"]
[WhiteElo "1936"]
[BlackElo "1909"]
[Annotator "TA"]
[PlyCount "92"]
[EventDate "2024.04.10"]
[EventType "swiss"]
[EventCountry "ISR"]
[SourceTitle "playchess.com"]
[Source "ChessBase"]
[SourceQuality "1"]
[TimeControl "5400+30"]

1. d4 Nf6 2. c4 e6 3. Nf3 Bb4+ 4. Bd2 Qe7 5. g3 O-O 6. Bg2 Bxd2+ 7. Nbxd2 d6 8. O-O e5 9. e3 a5 10. Rc1 Nc6 11. a3 Bd7 {[%emt 0:08:53] The position is equal.} 12. Qc2 a4 13. c5 (13. Nb1 {might be stronger.}) 13... e4 $1 $11 14. Ne1 d5 15. b4 {[%emt 0:04:37] Against Na5} (15. Qc3 $15) 15... Na7 16. Kh1 Bb5 17. Rg1 Ng4 {[%emt 0:00:32][%cal Rg4f2] [#]} 18. Nf1 Qf6 {[%emt 0:12:17] Black is much more active.} 19. f3 Bxf1 20. fxg4 {[%emt 0:01:07] White is weak on the light squares} Bb5 $36 {[%emt 0:00:22][%mdl 2048] Black is really pushing.} 21. Qd2 Qg5 22. Bh3 Bd7 23. Qe2 h5 24. Nc2 hxg4 25. Bg2 Rfe8 26. Qf2 Re6 27. Qf4 Qxf4 28. exf4 Nb5 29. Rge1 Rae8 30. Ne3 Bc6 (30... Nxd4 31. Nxd5 Rc8 32. Red1 $17) 31. Nxg4 $2 (31. Red1) 31... Nxd4 $19 (31... Nxa3 32. Ne3 $19) 32. h3 f6 33. h4 Nb3 34. Rcd1 d4 35. h5 e3 {[%emt 0:00:50] [#] ...e2 is the strong threat.} 36. h6 e2 37. Rd3 Bb5 38. f5 Bxd3 39. fxe6 Bc4 {[%emt 0:00:09] ...d3 would now be deadly.} 40. hxg7 Kxg7 {[%emt 0:00:08] And now ...d3 would win.} 41. Be4 d3 42. Kg2 d2 {[%emt 0:01:03] Black mates.} 43. Rh1 Rh8 (43... d1=B 44. Rh7+ (44. Bxb7 $2 Rxe6 45. Nf2 e1=Q $19) 44... Kf8 45. Rf7+ (45. Rxc7 $2 Rxe6 46. Rc8+ Ke7 $19) 45... Kg8 46. Nxf6+ Kh8 47. Rh7#) 44. Rxh8 Kxh8 (44... d1=N 45. Rh7+ Kg8 46. Nxf6+ Kf8 47. Rf7#) 45. e7 Bf7 ({Worse is} 45... d1=N 46. e8=Q+ (46. e8=R+ $2 Kg7 $19) 46... Kg7 47. Qg6+ (47. Bxb7 c6 $18) 47... Kf8 48. Qxf6+ (48. Bxb7 e1=Q $11) 48... Bf7 49. Bg6 (49. Bxb7 e1=Q $11) (49. Bd5 Ne3+ 50. Nxe3 e1=N+ 51. Kh1 Ke8 52. Bxf7+ Kf8 53. Nf5 Nf3 54. Qg7#) 49... e1=N+ 50. Kg1) 46. Nh6 Be8 {[%emt 0:00:33] Black took control after the opening.   Weighted Error Value: White=0.66/Black=0.15 (very precise) .  Mistake:       	White=3     	---        Inaccurate:     	White=5     	---        OK:         	White=9     	Black=15     Best:        	White=1     	Black=1      Strong:       	---       	Black=1} ({Inferior is} 46... d1=B 47. Nxf7+ Kg7 48. e8=Q $11 (48. e8=R $2 {loses.} e1=Q $19)) 0-1

[Event "Israel-ch Youth U8-18 2024"]
[Site "Kfar Saba"]
[Date "2024.04.18"]
[Round "5.10"]
[White "Sason, Noam"]
[Black "Shilon Rahav, Eliran"]
[Result "1-0"]
[ECO "B30"]
[WhiteElo "1903"]
[BlackElo "2116"]
[Annotator "TA"]
[PlyCount "101"]
[EventDate "2024.04.10"]
[EventType "swiss"]
[EventCountry "ISR"]
[SourceTitle "playchess.com"]
[Source "ChessBase"]
[SourceQuality "1"]
[TimeControl "5400+30"]

1. e4 c5 2. Nc3 e5 3. Nf3 Nc6 4. Bc4 g6 5. d3 h6 $1 6. Nd2 Bg7 7. Nf1 Nge7 8. Ne3 {[%emt 0:00:16] White is slightly better.} O-O 9. O-O d6 10. Ned5 a6 11. a4 Kh7 12. f4 f5 13. Be3 exf4 14. Nxf4 g5 15. Ne6 Bxe6 16. Bxe6 f4 17. Bd2 Nd4 18. Bg4 b5 19. Nd5 Nxd5 20. exd5 Qf6 (20... Nf5 $11) 21. c3 $16 Nf5 22. axb5 axb5 23. Rxa8 Rxa8 24. Re1 {[%emt 0:00:14] Prevents Qe5.} (24. Qe2 $16) 24... Ne3 25. Bxe3 fxe3 26. Rxe3 b4 27. Re6 $36 {[%emt 0:14:06][%mdl 2048] White has good play.} Qf8 28. Qe1 bxc3 29. bxc3 Ra4 (29... Be5 $11) 30. Bh5 {[%emt 0:03:04] Bg6+ is the strong threat.} Be5 $2 {[%emt 0:00:00][%mdl 8192] [#] This costs Black the game.} (30... Ra8 $16 31. g3 Kh8) 31. d4 $1 $18 cxd4 {[%emt 0:00:00][%cal Bc5d4,Bd4d3][%mdl 32] [#]} 32. Qb1+ $1 d3 33. Bg6+ Kg8 34. Re8 ({Not} 34. Bxd3 Bxc3 35. Bg6 Ra8 $11 (35... Ra1 36. Qxa1 Bxa1 37. Re8 $11)) 34... Bxc3 35. Rxf8+ Kxf8 36. Qf1+ Rf4 37. Qxd3 Bd4+ 38. Kh1 Be5 39. g3 Rf6 40. Bf5 Kg7 41. Qc2 h5 42. Qc8 h4 43. g4 {[%emt 0:01:09] White wants to mate with Be6.} Bf4 44. Be6 {[%emt 0:01:17] White mates.} Rf8 45. Qc3+ Kg6 46. Bf5+ Kf7 47. Qc7+ Kf6 48. Qd7 Rb8 49. Qe6+ Kg7 50. Qe7+ Kg8 51. Qh7+ {[%emt 0:00:21] Weighted Error Value: White=0.13 (very precise) /Black=0.23 (precise) .  Loses game:     	---       	Black=1      Mistake:       	White=1     	Black=2      Inaccurate:     	White=3     	Black=3      OK:         	White=10    	Black=11     Best:        	White=1     	---        Brilliant:      	White=1     	---} (51. Bg6 $142 Rb1+ 52. Bxb1 Be5 53. Bh7+ (53. Qxg5+ Kf8 54. Bf5 h3 55. Be6 Bd4 56. Qg8+ Ke7 57. Qf7+ Kd8 58. Qd7#) 53... Kh8 54. Qf7 h3 55. Qg8#) 1-0

[Event "Israel-ch Youth U8-18 2024"]
[Site "Kfar Saba"]
[Date "2024.04.18"]
[Round "5.11"]
[White "Zakin, Lior"]
[Black "Gurevich, Neria"]
[Result "0-1"]
[ECO "B45"]
[WhiteElo "1806"]
[BlackElo "1844"]
[Annotator "NA RC COMBH"]
[PlyCount "76"]
[EventDate "2024.04.10"]
[EventType "swiss"]
[EventCountry "ISR"]
[SourceTitle "playchess.com"]
[Source "ChessBase"]
[SourceQuality "1"]
[TimeControl "5400+30"]

1. e4 c5 2. Nf3 e6 3. d4 cxd4 4. Nxd4 Nf6 5. Nc3 Nc6 6. Bf4 Bb4 7. Ndb5 e5 8. Bg5 O-O 9. a3 Be7 10. Nd6 Nd4 11. Bxf6 Bxf6 12. Nd5 Be7 13. Nxc8 Rxc8 14. c3 Ne6 15. Be2 Bc5 16. O-O Qg5 17. Rc1 Nf4 18. Nxf4 Qxf4 19. Bf3 Rfd8 20. b4 Bb6 21. Qd5 Rc6 22. Qd3 Rf6 23. a4 a6 24. a5 Ba7 25. Rcd1 g5 26. Qe2 Rg6 27. g3 g4 28. Bg2 Qg5 29. Kh1 Rh6 30. Rd5 Rc8 31. Rxd7 Rxc3 32. Rfd1 Rxg3 33. Qc4 Rxh2+ 34. Kxh2 Qh4+ 35. Kg1 Rxg2+ 36. Kxg2 Qxf2+ 37. Kh1 Qf3+ 38. Kh2 Qh3# 0-1

[Event "Israel-ch Youth U8-18 2024"]
[Site "Kfar Saba"]
[Date "2024.04.18"]
[Round "5.13"]
[White "Ronin, Ilan"]
[Black "Roth, Elai"]
[Result "1/2-1/2"]
[ECO "B21"]
[WhiteElo "1555"]
[BlackElo "1537"]
[Annotator "NA RC COMBH"]
[PlyCount "61"]
[EventDate "2024.04.10"]
[EventType "swiss"]
[EventCountry "ISR"]
[SourceTitle "playchess.com"]
[Source "ChessBase"]
[SourceQuality "1"]
[TimeControl "5400+30"]

1. e4 c5 2. d4 cxd4 3. c3 dxc3 4. Nxc3 e6 5. Nf3 Nc6 6. Bf4 Bb4 7. Be2 Nf6 8. Qd3 d5 9. exd5 Nxd5 10. Bd2 O-O 11. O-O Nxc3 12. Bxc3 Qxd3 13. Bxd3 Bxc3 14. bxc3 b6 15. Be4 Bb7 16. Rad1 Rfd8 17. Nd4 Nxd4 18. Rxd4 Rxd4 19. Bxb7 Rb8 20. cxd4 Rxb7 21. Rc1 g6 22. Kf1 Kg7 23. Ke2 Kf6 24. Kf3 Rd7 25. Ke4 Ke7 26. Ke3 Kf6 27. Ke4 Ke7 28. Ke3 Kf6 29. Ke4 Ke7 30. Ke3 Kf6 31. Ke4 1/2-1/2

[Event "Israel-ch Youth U8-18 2024"]
[Site "Kfar Saba"]
[Date "2024.04.18"]
[Round "5.14"]
[White "Eshkol, Idan"]
[Black "Regev, Berry"]
[Result "1-0"]
[ECO "B76"]
[WhiteElo "1518"]
[BlackElo "1525"]
[Annotator "NA RC COMBH"]
[PlyCount "69"]
[EventDate "2024.04.10"]
[EventType "swiss"]
[EventCountry "ISR"]
[SourceTitle "playchess.com"]
[Source "ChessBase"]
[SourceQuality "1"]
[TimeControl "5400+30"]

1. e4 c5 2. Nf3 Nc6 3. Nc3 g6 4. d4 cxd4 5. Nxd4 Bg7 6. Be3 Nf6 7. f3 O-O 8. Qd2 d6 9. Bb5 Bd7 10. Bxc6 Bxc6 11. Bh6 Rc8 12. h4 Qb6 13. O-O-O Rfd8 14. h5 Bxh6 15. Qxh6 e5 16. Nf5 gxf5 17. Qxf6 Qe3+ 18. Rd2 h6 19. Qxf5 Kg7 20. Qg4+ Kh7 21. Qh4 Qg5 22. Qxg5 hxg5 23. Rhd1 Kh6 24. g4 f5 25. Rxd6+ Rxd6 26. Rxd6+ Kg7 27. Rg6+ Kh7 28. Rxg5 fxg4 29. fxg4 Rg8 30. Rxg8 Kxg8 31. Nd5 Kf7 32. Kd2 Bd7 33. g5 Bg4 34. Nf6 b5 35. Nxg4 1-0

[Event "Israel-ch Youth U8-18 2024"]
[Site "Kfar Saba"]
[Date "2024.04.18"]
[Round "5.15"]
[White "Cohen, Israel"]
[Black "Blekh, Erik"]
[Result "1/2-1/2"]
[ECO "E61"]
[WhiteElo "1763"]
[BlackElo "1696"]
[Annotator "NA RC COMBH"]
[PlyCount "69"]
[EventDate "2024.04.10"]
[EventType "swiss"]
[EventCountry "ISR"]
[SourceTitle "playchess.com"]
[Source "ChessBase"]
[SourceQuality "1"]
[TimeControl "5400+30"]

1. d4 Nf6 2. c4 g6 3. Nc3 Bg7 4. Nf3 O-O 5. Bf4 d6 6. e3 Nbd7 7. h3 b6 8. Be2 Bb7 9. O-O Re8 10. b4 a5 11. b5 h6 12. Rc1 Ne4 13. Nxe4 Bxe4 14. Nd2 Bb7 15. Bg3 e5 16. Bf3 Bxf3 17. Nxf3 Kh8 18. dxe5 dxe5 19. Qd5 Qe7 20. Rfd1 Nc5 21. Qc6 Rad8 22. Ne1 Kh7 23. Qf3 f5 24. Qe2 Qf7 25. Nd3 Nxd3 26. Rxd3 Rxd3 27. Qxd3 Bf6 28. Qd5 Kg7 29. Qxf7+ Kxf7 30. c5 Re6 31. cxb6 cxb6 32. Rc7+ Re7 33. Rc6 Re6 34. Rc7+ Re7 35. Rc6 1/2-1/2

[Event "Israel-ch Youth U8-18 2024"]
[Site "Kfar Saba"]
[Date "2024.04.18"]
[Round "5.16"]
[White "Sivan, Leeor"]
[Black "Mankovich, Yoav"]
[Result "0-1"]
[ECO "B40"]
[WhiteElo "1462"]
[BlackElo "1445"]
[Annotator "NA RC COMBH"]
[PlyCount "58"]
[EventDate "2024.04.10"]
[EventType "swiss"]
[EventCountry "ISR"]
[SourceTitle "playchess.com"]
[Source "ChessBase"]
[SourceQuality "1"]
[TimeControl "5400+30"]

1. e4 e6 2. d3 c5 3. Nf3 h6 4. Nbd2 Nc6 5. g3 Nf6 6. Bg2 d5 7. O-O Be7 8. Re1 O-O 9. b3 a5 10. a4 Nb4 11. Ba3 Qc7 12. Bxb4 axb4 13. d4 cxd4 14. Nxd4 Bc5 15. N4f3 Qb6 16. Re2 dxe4 17. Nxe4 Nxe4 18. Rxe4 Bxf2+ 19. Kh1 Ra5 20. Qd2 Rh5 21. g4 Rd5 22. Qxb4 Qxb4 23. Rxb4 Rfd8 24. Bf1 b6 25. h3 Bb7 26. Kh2 Rc5 27. Ng1 Rxc2 28. Bg2 Bc5 29. Nf3 Bxf3 0-1

[Event "Israel-ch Youth U8-18 2024"]
[Site "Kfar Saba"]
[Date "2024.04.19"]
[Round "6.1"]
[White "Sokolovsky, Yahli"]
[Black "Aizenberg, Benny"]
[Result "1/2-1/2"]
[ECO "B45"]
[WhiteElo "2490"]
[BlackElo "2409"]
[Annotator "TA"]
[PlyCount "62"]
[EventDate "2024.04.10"]
[EventType "swiss"]
[EventCountry "ISR"]
[SourceTitle "playchess.com"]
[Source "ChessBase"]
[SourceQuality "1"]
[TimeControl "5400+30"]

1. e4 c5 2. Nf3 e6 3. d4 cxd4 4. Nxd4 Nf6 5. Nc3 Nc6 6. Nxc6 bxc6 7. e5 Nd5 8. Ne4 Bb7 9. Be2 c5 10. O-O Qc7 {[%emt 0:00:03] [#]} 11. Nd6+ $1 {[%emt 0:00:15] White is slightly better.} Bxd6 12. exd6 Qb6 (12... Qxd6 $2 {loses.} 13. c4 $18) 13. a3 a5 14. c4 Nf6 15. Be3 {[%emt 0:03:15][%cal Ob2b4] b4! is the strong threat.} O-O 16. f3 {[%emt 0:06:00] Inhibits Be4.} Rfc8 17. Rb1 a4 18. b4 {[%emt 0:01:08] [#] Threatens to win with Qd2.} axb3 19. Rxb3 Qa7 {[%emt 0:00:08] Black is weak on the dark squares} 20. Qa1 Bc6 {[%emt 0:05:47] The position is equal.} 21. Rfb1 Ba4 22. Rb7 Qa5 23. Qb2 Ne8 24. Bd2 Qd8 25. Bf4 Qf6 26. Qxf6 gxf6 27. R7b6 Kg7 28. Be3 Ra5 29. Bd2 Raa8 30. Be3 Ra5 31. Bd2 Raa8 {[%emt 0:00:37] Weighted Error Value: White=0.05 (flawless) /Black=0.04 (flawless) .  Inaccurate:     	White=2     	---        OK:         	White=12    	Black=14     Best:        	---       	Black=2} 1/2-1/2

[Event "Israel-ch Youth U8-18 2024"]
[Site "Kfar Saba"]
[Date "2024.04.19"]
[Round "6.2"]
[White "Pelech, Roee"]
[Black "Levin, Guy"]
[Result "0-1"]
[ECO "B11"]
[WhiteElo "2215"]
[BlackElo "2451"]
[Annotator "TA"]
[PlyCount "76"]
[EventDate "2024.04.10"]
[EventType "swiss"]
[EventCountry "ISR"]
[SourceTitle "playchess.com"]
[Source "ChessBase"]
[SourceQuality "1"]
[TimeControl "5400+30"]

1. e4 c6 2. Nf3 d5 3. Nc3 Bg4 4. d4 e6 5. Be2 Bb4 6. e5 c5 7. a3 Ba5 {[%emt 0:00:35] [#]} (7... Bxc3+ $11 8. bxc3 Qa5) 8. b4 $1 $14 {[%emt 0:02:32] White is slightly better.} Bxf3 (8... cxd4 9. Nxd4) 9. Bxf3 cxd4 10. Qxd4 (10. Nxd5 $1 $14 {was forced to keep a grip.} exd5 11. bxa5) 10... Nc6 $17 11. Qc5 Bb6 12. Qb5 a6 $36 {[%emt 0:01:29][%mdl 2048] White is under strong pressure.} 13. Qe2 Qc7 (13... Nd4 $19 14. Qd3 Rc8) 14. O-O Nge7 15. Bb2 O-O 16. Rad1 (16. Bg4 $17) 16... Nd4 (16... Qxe5 17. Nxd5 Qxb2 18. Nxb6 $11) 17. Qd3 Rac8 (17... Qxe5 18. Nxd5 exd5 19. Bxd4 Qxd4 20. Qxd4 Bxd4 21. Rxd4 $11) (17... Ng6 $19 {is more deadly.} 18. Qe3 Nxf3+ (18... Nxc2 $2 19. Nxd5 exd5 20. Qd2 $19) (18... Qxe5 19. Nxd5 Qxe3 20. Nxe3 $17) 19. Qxf3 Nxe5) 18. Na4 (18. Bg4 $17 {might work better.}) 18... Nxf3+ $19 (18... Nxc2 19. Nxb6 Qxb6 20. Rd2 $18) 19. Qxf3 Ba7 (19... Qxc2 20. Nxb6 Qxb2 21. Nxc8 Rxc8 22. Qe3 $16) 20. Rd2 Ng6 21. Qg3 b5 22. Nc3 Qe7 (22... Nxe5 23. Nxd5 $16) (22... Qxe5 23. Qxe5 Nxe5 24. Nxd5 exd5 25. Bxe5 $11) ({Black should play} 22... Qb8 $19 23. Kh1 Rc4 (23... Nxe5 24. Nxd5 Ng6 25. Ne7+ Kh8 26. Nxc8 $16) (23... Qxe5 24. Qxe5 Nxe5 25. Nxd5 $17)) 23. Kh1 {[%emt 0:20:16] [#]} (23. Ne2 $17 {was called for.}) 23... Rc4 $1 (23... f6 24. exf6 Qxf6 25. Nd1 $17) 24. f4 Qh4 25. f5 (25. Ne2 $17) 25... Qxg3 26. hxg3 Ne7 (26... Nxe5 27. Nxd5 exd5 28. Bxe5 $15) 27. f6 Ng6 28. fxg7 Rfc8 (28... Kxg7 29. Ba1 $19) 29. Rd3 Bb8 ({Don't play} 29... Kxg7 30. Rdf3 Rf8 (30... Nxe5 $2 31. Nxb5 Bb8 32. Na7 $19) 31. a4) (29... Nxe5 30. Nxd5 exd5 31. Bxe5 $11) 30. Nd1 Bxe5 31. c3 Bxg7 32. Bc1 d4 33. Bg5 h6 34. Bf6 (34. Bc1 $142) 34... Bxf6 35. Rxf6 dxc3 36. Nxc3 Rxc3 37. Rd7 Ne5 {[%emt 0:00:39] ( -> ...Rc1+)} 38. Ra7 Rc1+ {[%emt 0:00:05] Weighted Error Value: White=0.80/Black=0.25 (precise) .  Mistake:       	White=6     	Black=4      Inaccurate:     	White=4     	Black=2      OK:         	White=8     	Black=16     Best:        	---       	Black=1} 0-1

[Event "Israel-ch Youth U8-18 2024"]
[Site "Kfar Saba"]
[Date "2024.04.19"]
[Round "6.3"]
[White "Ashkenazy, Nir"]
[Black "Rozen, Eytan"]
[Result "0-1"]
[ECO "B13"]
[WhiteElo "1647"]
[BlackElo "2499"]
[Annotator "TA"]
[PlyCount "78"]
[EventDate "2024.04.10"]
[EventType "swiss"]
[EventCountry "ISR"]
[SourceTitle "playchess.com"]
[Source "ChessBase"]
[SourceQuality "1"]
[TimeControl "5400+30"]

1. e4 c6 2. d4 d5 3. exd5 cxd5 4. Bd3 Nc6 5. c3 g6 6. Bf4 Bf5 7. Nf3 Nf6 8. Bxf5 gxf5 9. Nbd2 e6 10. Ne5 {[%emt 0:02:44] White is slightly better.} Bd6 11. Nxc6 bxc6 12. Bxd6 Qxd6 13. Qf3 Ne4 14. Nxe4 fxe4 15. Qg3 Kd7 16. Qxd6+ Kxd6 $11 {[%emt 0:00:06][%mdl 4096] Endgame. KRR-KRR} 17. Kd2 f5 18. b4 h5 19. a4 f4 20. Rhg1 (20. g3 $15) 20... h4 $17 21. g3 {[%emt 0:00:00] [#]} fxg3 22. hxg3 Raf8 23. Raf1 Rf3 {[%emt 0:05:10] Black is more active.} ({Black should play} 23... h3 {Hoping for ...h2.} 24. f3 e5 (24... exf3 25. Ke3 $17) (24... Rxf3 25. Rxf3 exf3 26. Ke3 $11)) 24. Kc2 $2 {[%emt 0:00:00][%mdl 8192] This costs White the game.} (24. gxh4 $17 Rxh4 25. Rg3) 24... h3 $19 {[%emt 0:03:18] Threatens to win with ...Rhf8.} 25. Kd2 Rhf8 26. Rh1 Rxf2+ 27. Rxf2 Rxf2+ {[%emt 0:00:07] KR-KR} 28. Ke1 Rf3 29. Rxh3 Rxc3 30. Rh7 Rxg3 31. Rxa7 Re3+ 32. Kf2 Rb3 33. Rb7 Rd3 34. a5 Rxd4 35. a6 Rd2+ 36. Ke3 Ra2 {[%emt 0:00:12][%cal Od6e5] ( -> ...Ke5!)} 37. a7 Ke5 {[%emt 0:00:55][%csl Ge5][%cal Rd5d4] Black mates.} 38. Rd7 {[%emt 0:00:00] [#]} d4+ $1 39. Rxd4 Ra3+ {[%emt 0:00:07] Weighted Error Value: White=1.01/Black=0.11 (very precise) .  Loses game:     	White=1     	---        Mistake:       	White=1     	Black=1      Inaccurate:     	White=4     	---        OK:         	White=7     	Black=12     Best:        	---       	Black=2} ({Worse is} 39... Rxa7 40. Rxe4+ Kd6 41. Rd4+ Kc7 42. Kf4 $11) 0-1

[Event "Israel-ch Youth U8-18 2024"]
[Site "Kfar Saba"]
[Date "2024.04.19"]
[Round "6.4"]
[White "Meirovich, Ilay"]
[Black "Medovoy, Yaniv"]
[Result "0-1"]
[ECO "D26"]
[WhiteElo "1880"]
[BlackElo "2009"]
[Annotator "TA"]
[PlyCount "104"]
[EventDate "2024.04.10"]
[EventType "swiss"]
[EventCountry "ISR"]
[SourceTitle "playchess.com"]
[Source "ChessBase"]
[SourceQuality "1"]
[TimeControl "5400+30"]

1. d4 d5 2. c4 e6 3. Nc3 Nf6 4. Nf3 dxc4 5. e3 a6 6. Bxc4 b5 7. Be2 Bb7 8. O-O Nbd7 9. b3 Be7 10. Bb2 O-O {[%emt 0:00:12] The position is equal.} 11. Rc1 Rc8 12. h3 h6 13. Re1 c5 14. dxc5 Nxc5 15. Qxd8 Rfxd8 16. Nd4 b4 17. Nb1 Nfe4 {[%emt 0:00:06] Inhibits Nd2.} 18. Red1 Bh4 19. g3 Bf6 20. h4 a5 21. Bb5 (21. Nd2 $15) 21... g5 {[%emt 0:11:47] Black is more active.} 22. h5 Bg7 (22... g4 $17 23. Be2 a4 24. Bxg4 Bd5) 23. g4 $15 Nf6 (23... Nd6 $17 {aiming for ...Nxb5.} 24. Be2 Bd5) 24. Be2 (24. f3 {feels hotter.} Nd5 25. Kf2 f5 26. Rxc5 Nxe3 27. Rdc1) 24... Ncd7 ({Better is} 24... Ba6 $15 25. Bxa6 Nxa6 26. Rxc8 Rxc8) 25. f3 Nd5 26. Kf2 N7b6 27. Bb5 Ne7 (27... f5 $15 28. Rxc8 Rxc8) 28. Rxc8 $11 Rxc8 29. Rc1 Rxc1 30. Bxc1 Bxd4 31. exd4 Nbd5 32. Bc4 Kg7 33. a3 f5 34. axb4 axb4 35. Bd2 {[%emt 0:00:36] [#]} (35. Nd2 $15) 35... Kf6 ({Black should try} 35... Bc8 $1 $17 36. Be1 fxg4) 36. Bc1 Nc6 (36... Kf7 $17) 37. Bb2 {[%emt 0:02:28] Black converts the advantage convincingly.} (37. gxf5 $1 $15 Kxf5 38. Nd2) 37... Na5 $17 38. Ba1 f4 39. Nd2 {[%emt 0:03:15] [#]} (39. Ke2 $17) 39... Nc3 $1 $19 {[%emt 0:00:26] Excellent horsemanship.} 40. Ke1 (40. Bd3 {was necessary.}) 40... Bd5 41. Bxd5 $2 (41. Kf2) 41... exd5 {[%emt 0:00:23][%mdl 4096] Endgame. KBN-KNN} 42. Kf2 Nc6 43. Kg2 Nb5 44. Bb2 Nc3 (44... Ke6 $142 45. Ba1 Nc3 (45... Ncxd4 $2 46. Kf2 $19)) 45. Ba1 Nxd4 {[%emt 0:00:05] And now ...Ke5 would win.} 46. Nb1 Ndb5 {[%emt 0:00:13] Hoping for ...Ke5.} (46... Nxb3 47. Nxc3 (47. Bxc3+ $2 bxc3 48. Nxc3 Ke5 $19) 47... Ke5 (47... Nxa1 48. Nxd5+ Ke6 49. Nxb4 $11) (47... bxc3 $2 48. Bxc3+ d4 49. Bb2 $19) 48. Na2+ Nxa1 49. Nxb4) 47. Kf2 d4 48. Nd2 Nd6 49. Ke1 Ke5 50. Bb2 d3 $2 (50... Kd5 $19 51. Bc1 d3) 51. Nf1 $2 (51. Nb1 $15 Ndb5 (51... Kd4 52. Kd2 $16) 52. Kd2) 51... Kd4 52. Kd2 Nb7 {[%emt 0:00:49] Weighted Error Value: White=0.41/Black=0.39.  Mistake:       	White=6     	Black=6      Inaccurate:     	White=5     	---        OK:         	White=4     	Black=13     Best:        	White=3     	Black=1      Strong:       	---       	Black=1} 0-1